 Dungeon Crawl Stone Soup version 0.31.0-11-ge490571c62 (webtiles) character file.

Game seed: 13668666006292038250

1438 qw the Skirmisher (level 8, -12/40 HPs)
             Began as a Spriggan Hunter on Feb 4, 2024.
             Mangled by an ogre
             ... wielding a +0 giant club
              (24 damage)
             ... on level 6 of the Dungeon.
             The game lasted 00:01:18 (4020 turns).

qw the Skirmisher (Spriggan Hunter)                 Turns: 4020, Time: 00:01:19

Health: -12/40     AC:  3    Str:  7    XL:     8   Next: 45%
Magic:  9/9        EV: 21    Int: 11    God:
Gold:   315        SH:  0    Dex: 20    Spells: 7/7 levels left

rFire   . . .        a - +3 shortbow
rCold   . . .        (shield currently unavailable)
rNeg    . . .        f - +0 troll leather armour {Pargi}
rPois   .            (helmet restricted)
rElec   .            (no cloak)
rCorr   .            (gloves unavailable)
SInv    +            (boots unavailable)
Will    +....        l - amulet of the acrobat
Stlth   ++           d - +4 ring of slaying {mikee}
HPRegen 1.06/turn    (no ring)
MPRegen 0.11/turn

%: acrobat
@: very quick
A: very small, no large weapons, unfitting armour, see invisible, speed 3
a: no special abilities


You were on level 6 of the Dungeon.
You visited 1 branch of the dungeon, and saw 6 of its levels.

You collected 315 gold pieces.


Innate Abilities, Weirdness & Mutations

You are very small and have problems with some larger weapons.
You are too small for most types of armour.
You have supernaturally acute eyesight. (SInv)
You cover ground extremely quickly. (Speed+++)


   Skills:
 - Level 3.0 Fighting
 - Level 9.6 Ranged Weapons
 + Level 7.1 Dodging
 - Level 1.5 Stealth


You had 7 spell levels left.
You didn't know any spells.
Your spell library was empty.

Inventory:

Hand Weapons
 a - a +3 shortbow (weapon)
Armour
 f - a +0 troll leather armour (worn) {Pargi}
Jewellery
 d - a +4 ring of slaying (left hand) {mikee}
 e - the amulet "Asiotent" {Harm Regen+ Str+2}
   (You found it on level 2 of the Dungeon)

   [amulet of regeneration]

   Str+2:     It affects your strength (+2).
   Regen+:    It increases your rate of health regeneration.
   Harm:      It increases damage dealt and taken.
 j - a ring of ice
 l - an amulet of the acrobat (around neck)
Scrolls
 c - a scroll of teleportation {unknown}
Potions
 b - a potion of might
 h - 2 potions of curing
 i - a potion of resistance {unknown}

Dungeon Overview and Level Annotations

Branches:
Dungeon (6/15)
 Temple: D:4-7

Altars:
Ashenzari
Fedhas
Hepliaklqana
Trog
The Shining One

Shops:
D:1 =   D:4 *


Message History

3935 ||| IDENTIFYING bubbling orange potion
As you read the scroll of identify, it crumbles to dust.
c - a potion of brilliance Done exploring.
3936 ||| DROPPING potion of brilliance.
You drop a potion of brilliance.
Done exploring.
What level of the Dungeon? (default 5, ? - help)
There is a stone staircase leading down here.
You climb downwards.
There is a stone staircase leading up here.
Waypoint 5 assigned to D:6.
As you open the door, it creaks loudly!
There is an open door here.
You open the door.
There is an open door here.
Found a stone staircase leading down.
c - a scroll labelled XEOLINL JORPHA You open the door.
There is an open door here.
You open the door.
There is an open door here.
You open the door.
An ogre comes into view. It is wielding a +0 giant club.
The ogre shouts!
You shoot an arrow. The arrow hits the ogre.
The ogre is lightly wounded.
You shoot an arrow. The arrow hits the ogre.
The ogre is moderately wounded.
You shoot an arrow. The arrow hits the ogre.
The ogre is heavily wounded.
The ogre completely misses you.
You shoot an arrow. The arrow hits the ogre!
The ogre is severely wounded.
You shoot an arrow. The arrow closely misses the ogre.
The ogre hits you with a +0 giant club!!
Ouch! That really hurt!
You shoot an arrow. The arrow barely misses the ogre.
The ogre hits you with a +0 giant club!!
Ouch! That really hurt!
You die...

#................#
#................#
......##'##......#..#
#.....#...########..#
......#....#.... ...#
#.....#...##.... ...#
#.....#...# ... #..#
......#...#####O##..#
......#.....>...@...#
......#.............#
#...####'###..#
#...##....##..#
#....'.....#..#
#....#.....#..#
#....#.....#..#
#....#.....#..#
#...##....##..#


You could see an ogre.

Vanquished Creatures
  A two-headed ogre (D:5)
  Pargi (D:3)
  3 scorpions (D:5)
  2 bombardier beetles
  A gnoll bouda (D:5)
  4 hounds
  An iguana (D:3)
  2 orc wizards
  Terence (D:3)
  7 gnolls (D:5)
  8 adders
  A shadow imp (D:5)
  2 ufetubi (D:5)
  4 dart slugs
  3 ribbon worms
  13 orcs
  8 endoplasms
  2 giant cockroaches (D:2)
  7 goblins
  13 hobgoblins
  2 jackals (D:3)
  2 kobolds (D:1)
  5 quokkas
  3 ball pythons
  A bat (D:1)
  5 frilled lizards
  5 rats
107 creatures vanquished.

Notes
Turn   | Place    | Note
-------+----------+-------------------------------------------
     0 | D:1      | qw the Spriggan Hunter began the quest for the Orb.
     0 | D:1      | Reached XP level 1. HP: 10/10 MP: 2/2
     0 | D:1      | 0 ||| qw: Version: 0.3-a-160-g6735b56
     0 | D:1      | 0 ||| qw: Game counter: 5708
     0 | D:1      | 0 ||| qw: Melee chars always use a shield: true
     0 | D:1      | 0 ||| qw: God list: Okawaru
     0 | D:1      | 0 ||| qw: Allow faded altars: false
     0 | D:1      | 0 ||| qw: Do Orc after clearing Dungeon:15 true
     0 | D:1      | 0 ||| qw: Do second Lair branch before Depths: true
     0 | D:1      | 0 ||| qw: Lair rune preference: random
     0 | D:1      | 0 ||| qw: Goals: Normal
     0 | D:1      | 0 ||| PLANNING D:1-11
    56 | D:1      | Reached skill level 3 in Dodging
   159 | D:1      | Reached XP level 2. HP: 14/14 MP: 3/3
   437 | D:1      | Found Ehing's Jewellery Shoppe.
   440 | D:1      | 440 ||| SHOPLISTING amulet "Ikor" {Reflect Harm rElec rPois
                  | Dex-5 SH+5} (452 gold, have 59).
   440 | D:1      | 440 ||| SHOPLISTING ring "Qulyocw" {Fire Will+} (451 gold,
                  | have 59).
   440 | D:1      | 440 ||| SHOPLISTING ring of Generosity {rN+ Str+6} (566
                  | gold, have 59).
   440 | D:1      | 440 ||| SHOPLISTING ring of poison resistance (240 gold,
                  | have 59).
   440 | D:1      | 440 ||| SHOPLISTING ring of positive energy (240 gold, have
                  | 59).
  1061 | D:1      | 1061 ||| READING scroll labelled JARINI QOOLOU.
  1162 | D:1      | 1162 ||| READING 2 scrolls labelled YVOHEF FAXTUR.
  1163 | D:1      | 1163 ||| READING scroll labelled YLUPOO QUGEVEITE.
  1164 | D:1      | 1164 ||| DROPPING scroll of butterflies.
  1165 | D:1      | 1165 ||| DROPPING scroll of fog.
  1258 | D:2      | Found a glowing golden altar of the Shining One.
  1269 | D:2      | Reached XP level 3. HP: 18/18 MP: 4/4
  1318 | D:2      | Identified the amulet "Asiotent" {Harm Regen+ Str+2}
  1347 | D:2      | Identified the +1 robe of the Abyss {MP+9}
  1475 | D:2      | Reached skill level 5 in Ranged Weapons
  1823 | D:2      | Reached XP level 4. HP: 22/22 MP: 5/5
  1915 | D:2      | 1915 ||| UPGRADING to +1 robe of the Abyss {MP+9}.
  1925 | D:2      | 1925 ||| DROPPING +0 robe.
  1990 | D:2      | 1990 ||| UPGRADING to +4 ring of slaying {mikee}.
  1991 | D:2      | 1991 ||| READING 2 scrolls labelled ULEPRU CEDD.
  1992 | D:2      | 1992 ||| READING scroll labelled ROIGE QOAQI DEL.
  1993 | D:2      | 1993 ||| READING scroll labelled IGORACH NAAFI.
  1993 | D:2      | 1993 ||| IDENTIFYING smoky yellow potion
  1994 | D:2      | 1994 ||| DROPPING scroll of revelation.
  2033 | D:3      | 2033 ||| STAIRDANCE
  2038 | D:3      | 2038 ||| STAIRDANCE
  2314 | D:3      | Found a blossoming altar of Fedhas.
  2358 | D:3      | Noticed Terence
  2360 | D:3      | Killed Terence
  2396 | D:3      | Noticed Pargi
  2397 | D:3      | 2397 ||| DRINKING potion of haste.
  2405 | D:3      | Killed Pargi
  2406 | D:3      | Reached XP level 5. HP: 19/28 MP: 6/6
  2463 | D:3      | Found a bloodstained altar of Trog.
  2525 | D:3      | Found a hazy altar of Hepliaklqana.
  2643 | D:3      | 2643 ||| UPGRADING to +0 troll leather armour {Pargi}.
  2653 | D:3      | 2653 ||| DROPPING +1 robe of the Abyss {MP+9}.
  2654 | D:3      | 2654 ||| DROPPING amulet of magic regeneration.
  2655 | D:3      | 2655 ||| READING 2 scrolls labelled BIUDWOUBBOI.
  2655 | D:3      | 2655 ||| ENCHANTING +0 shortbow.
  2656 | D:3      | 2656 ||| READING scroll of enchant weapon.
  2656 | D:3      | 2656 ||| ENCHANTING +1 shortbow.
  2657 | D:3      | 2657 ||| READING scroll labelled FIOZEU LIKANK.
  2669 | D:3      | 2669 ||| DRINKING 2 viscous white potions.
  2670 | D:3      | 2670 ||| DROPPING potion of attraction.
  2691 | D:4      | 2691 ||| STAIRDANCE
  2731 | D:4      | Reached XP level 6. HP: 29/32 MP: 7/7
  2784 | D:4      | Identified the +0 leather armour of a bailey {rPois rCorr
                  | Int+3}
  2872 | D:4      | Reached skill level 6 in Ranged Weapons
  2886 | D:4      | Found Giedutax's Assorted Antiques.
  3007 | D:4      | Found a broken altar of Ashenzari.
  3063 | D:4      | 3063 ||| UPGRADING to amulet of the acrobat.
  3068 | D:4      | 3068 ||| READING scroll of identify.
  3068 | D:4      | 3068 ||| IDENTIFYING fuming yellow potion
  3069 | D:4      | 3069 ||| READING scroll labelled DIEGAW TOZOL.
  3070 | D:4      | 3070 ||| DRINKING 2 brown potions.
  3071 | D:4      | 3071 ||| DROPPING potion of berserk rage.
  3073 | D:4      | 3073 ||| Stepping ~*~*~tactically~*~*~ (cloud).
  3121 | D:5      | Entered Level 5 of the Dungeon
  3134 | D:5      | Reached skill level 6 in Dodging
  3142 | D:5      | Reached XP level 7. HP: 35/35 MP: 8/8
  3372 | D:5      | Reached skill level 7 in Ranged Weapons
  3514 | D:5      | Noticed a two-headed ogre
  3516 | D:5      | 3516 ||| DRINKING potion of haste.
  3525 | D:5      | Killed a two-headed ogre
  3526 | D:5      | Reached skill level 9 in Ranged Weapons
  3526 | D:5      | Reached XP level 8. HP: 39/39 MP: 9/9
  3531 | D:5      | 3531 ||| READING scroll of enchant weapon.
  3531 | D:5      | 3531 ||| ENCHANTING +2 shortbow.
  3643 | D:5      | Reached skill level 3 in Fighting
  3934 | D:5      | 3934 ||| READING 2 scrolls of identify.
  3934 | D:5      | 3934 ||| IDENTIFYING black potion
  3935 | D:5      | 3935 ||| READING scroll of identify.
  3935 | D:5      | 3935 ||| IDENTIFYING bubbling orange potion
  3936 | D:5      | 3936 ||| DROPPING potion of brilliance.
  4019 | D:6      | HP: 10/40 [ogre/+0 giant club (30)]
  4020 | D:6      | Mangled by an ogre

Levels and vault maps discovered:
D:1:      eino_arrival_cavern_c, layout_basic, serial_shops,
          nicolae_shop_tiny_real_fake_doors
D:2:      layout_loops_ring, basic_altar
D:3:      layout_basic, general_overflow_altar, mainiacjoe_overflow_swirl,
          reono_crystal_passage, uniq_terence, uniq_pargi
D:4:      layout_rooms, lemuel_doored_altar, serial_shops,
          nicolae_shop_gibbet_a_chance
D:5:      layout_basic, grunt_decor_mini_mirrors, minmay_crossroads
D:6:      dreamdust_elfheim, layout_gridville, mainiacjoe_overflow_catwalk,
          minmay_temple_entry_sparse_star, nicolae_tricolors

Skill      XL: |  1  2  3  4  5  6  7  8 |
---------------+-------------------------+-----
Dodging        | 3 4 5 6 7 |  7.1
Ranged Weapons | 5 6 9 |  9.6
Fighting       | 2 3 |  3.0
Stealth        | |  1.5

Action                     |  1- 3 |  4- 6 |  7- 9 || total
---------------------------+-------+-------+-------++-------
   Fire: Shortbow          |   107 |   102 |    82 ||   291
    Use: Scroll            |     3 |     8 |     3 ||    14
         Potion            |       |     3 |     1 ||     4
 Armour: Robe              |    10 |     5 |       ||    15
         Troll leather arm |       |     6 |     5 ||    11
  Dodge: Dodged            |    28 |    30 |    20 ||    78

Table legend:
 A = Non-vault XP
 B = Vault XP
 C = Vault XP percentage of total XP
 D = Non-vault monster count
 E = Vault monster count
 F = Vault count percentage of total count
                 A         B        C        D         E       F
            +---------+---------+-------+---------+---------+-------
      Total |    1883 |     172 |   8.4 |     104 |       3 |   2.8
            +---------+---------+-------+---------+---------+-------
        D:1 |      34 |       0 |   0.0 |      17 |       0 |   0.0
        D:2 |      68 |       0 |   0.0 |      24 |       0 |   0.0
        D:3 |      71 |     160 |  69.3 |      14 |       2 |  12.5
        D:4 |     230 |       0 |   0.0 |      19 |       0 |   0.0
        D:5 |    1480 |      12 |   0.8 |      30 |       1 |   3.2
            +---------+---------+-------+---------+---------+-------
